 Dungeon Crawl Stone Soup version 0.30.1-4-g462c640d31 (webtiles) character file.

Game seed: 3091422932295352865

85 Zeor the Shooter (level 4, -8/38 HPs)
             Began as a Minotaur Hunter on Sept 5, 2023.
             Was a Believer of Jiyva.
             Engulfed by a cloud of flame (21 damage)
             ... on level 3 of the Dungeon.
             The game lasted 00:05:53 (2023 turns).

Zeor the Shooter (Minotaur Hunter)                  Turns: 2023, Time: 00:05:54

Health: -8/38      AC:  4    Str: 15    XL:     4   Next: 25%
Magic:  3/3        EV: 12    Int:  6    God:    Jiyva [**....]
Gold:   56         SH:  0    Dex: 16    Spells: 3/3 levels left

rFire   . . .        a - +0 shortbow
rCold   . . .        (shield currently unavailable)
rNeg    . . .        c - +0 leather armour
rPois   .            (helmet restricted)
rElec   .            (no cloak)
rCorr   +            (no gloves)
SInv    .            h - +0 pair of boots
Will    .....        (no amulet)
Stlth   +            (no ring)
HPRegen 1.22/turn    (no ring)
MPRegen 0.38/turn

%: no passive effects
@: no status effects
A: horns 2, retaliatory headbutt
a: Renounce Religion


You were on level 3 of the Dungeon.
You worshipped Jiyva.
Jiyva was pleased with you.
You visited 1 branch of the dungeon, and saw 3 of its levels.

You collected 56 gold pieces.

Inventory:

Hand Weapons
 a - a +0 shortbow (weapon)
 b - a +2 dagger of holy wrath
Armour
 c - a +0 leather armour (worn)
 h - a +0 pair of boots (worn)
Scrolls
 e - a scroll of immolation
 g - 3 scrolls of teleportation
 q - a scroll of identify
Potions
 d - a potion of curing
 f - a potion of magic
 i - a potion of heal wounds
 j - a potion of attraction {unknown}
 k - a potion of haste {unknown}
 l - a potion of invisibility {unknown}
 m - a potion of mutation {unknown}
 n - a potion of lignification {unknown}
 o - a potion of might {unknown}
 p - a potion of resistance {unknown}


   Skills:
 + Level 3.0 Fighting
 + Level 5.8 Ranged Weapons
 + Level 0.3 Armour
 + Level 2.6 Dodging
 + Level 0.8 Stealth


You had 3 spell levels left.
You didn't know any spells.
Your spell library contained the following spells:

 Spells                   Type           Power      Damage    Failure   Level
 Slow                     Hex            0%         N/A       52%         1
 Confusing Touch          Hex            0%         N/A       88%         3
 Vampiric Draining        Necr           0%         2d6       88%         3


Dungeon Overview and Level Annotations

Branches:
Dungeon (3/15)

Altars:
Jiyva

Shops:
D:1 [   D:2 *


Innate Abilities, Weirdness & Mutations

You have a pair of horns on your head.
You reflexively headbutt those who attack you in melee.


Message History

The goblin shouts!
The arrow hits the goblin!
You kill the goblin!
You hear a shout!
Robin of the Strong Arm comes into view.
They are wielding a +0 trident.
You hear a distant slurping noise.
A goblin and 2 hobgoblins come into view.
Robin shouts!
The hobgoblin shouts! x2; The goblin shouts!
A hobgoblin comes into view.
Robin roars a battlecry!
The goblins go into a battle-frenzy!
The goblin moves out of view.
Really read the scroll of immolation?
As you read the scroll of immolation, it crumbles to dust.
The creatures around you are filled with an inner flame!
Robin throws the goblin at you!
You shoot an arrow. The arrow hits the goblin!
The goblin explodes!
The fiery explosion engulfs you!!
Ouch! That really hurt!
You feel a bit more experienced.
The fiery explosion engulfs the goblin!!
The goblin explodes!
The fiery explosion engulfs the goblin!!!
The goblin explodes!
The fiery explosion engulfs the goblin!!
The goblin explodes!
The fiery explosion engulfs the hobgoblin!!
You feel a bit more experienced.
You hear an explosion!
The fiery explosion engulfs the hobgoblin!!
The hobgoblin explodes!
The fiery explosion engulfs the hobgoblin!!
You feel a bit more experienced.
You hear an explosion!
You feel a bit more experienced.
The hobgoblin explodes! x2
You are engulfed in blazing flames.
Ouch! That really hurt!
You die...

▒▒▒
▒▒H▒▒▒▒)▒g∙
▒∙▒#######∙
▒▒g▒▒▒▒###∙
▒∙▒ ▒ ▒∙▒▒
▒∙∙▒ ▒▒∙▒
▒∙▒
▒▒▒▒▒▒∙▒▒


There were no monsters in sight!

Vanquished Creatures
  Robin (D:3)
  3 gnolls (D:3)
  2 adders (D:2)
  A worm (D:2)
  2 dart slugs
  3 ball pythons
  2 bats (D:1)
  5 endoplasms
  A giant cockroach (D:1)
  5 hobgoblins
  A quokka (D:1)
  3 frilled lizards
  11 goblins
  2 kobolds
  2 rats
44 creatures vanquished.

Vanquished Creatures (others)
  A jelly (D:2)
  2 adders (D:2)
  A worm (D:2)
  A dart slug (D:3)
  A giant cockroach (D:2)
  2 kobolds
  A ball python (D:3)
  A rat (D:2)
10 creatures vanquished.

Grand Total: 54 creatures vanquished

Notes
Turn   | Place    | Note
-------+----------+-------------------------------------------
     0 | D:1      | Zeor the Minotaur Hunter began the quest for the Orb.
     0 | D:1      | Reached XP level 1. HP: 18/18 MP: 0/0
   369 | D:1      | Reached XP level 2. HP: 25/25 MP: 1/1
   462 | D:1      | Found Jesu Yno's Armour Emporium.
   609 | D:1      | Reached skill level 5 in Ranged Weapons
  1160 | D:2      | Reached XP level 3. HP: 14/30 MP: 2/2
  1260 | D:2      | Found a faded altar of an unknown god.
  1309 | D:2      | Prayed at the altar of an unknown god.
  1309 | D:2      | Became a worshipper of Jiyva Jiqy the Shapeless
  1309 | D:2      | Reached * piety under Jiyva
  1477 | D:2      | Found Oteclouk's Assorted Antiques.
  1666 | D:2      | Reached ** piety under Jiyva
  1954 | D:3      | Reached XP level 4. HP: 25/38 MP: 3/3
  2019 | D:3      | Noticed Robin
  2023 | D:3      | Killed Robin
  2023 | D:3      | Engulfed by a cloud of flame

Illustrated notes

Levels and vault maps discovered:
D:1:      minmay_arrival_loop, layout_loops_corners, serial_forest,
          infiniplex_forest_diagonal, infiniplex_forest_clump_tiny,
          infiniplex_forest_lined_3, infiniplex_forest_lined_room_2,
          infiniplex_forest_end_1, serial_shops, nicolae_shop_advertising_works
          [nicolae_subvault_shop_adworks]
D:2:      layout_basic, serial_shops, nicolae_shop_overgrown_old_shop,
          hellmonk_ecumenical_altar_run_dry, dk_vineyard_2, minmay_bisected
D:3:      layout_loops_cross, st_stairs_9, uniq_robin, uniq_crazy_yiuf_cottage

Skill      XL: |  1  2  3 |
---------------+----------+-----
Ranged Weapons | 5 |  5.8
Fighting       | 3 |  3.0
Armour         | |  0.3
Dodging        | |  2.6
Stealth        | |  0.8

Action                     |  1- 3 |  4- 6 || total
---------------------------+-------+-------++-------
  Melee: Dagger            |     3 |       ||     3
         Headbutt          |     1 |       ||     1
   Fire: Shortbow          |    90 |    13 ||   103
    Use: Scroll            |     6 |     1 ||     7
 Armour: Leather armour    |     8 |     1 ||     9
  Dodge: Dodged            |    19 |     4 ||    23
